 Dungeon Crawl Stone Soup version 0.10.4 character file.

294 wew123314 the Sneak (level 5, -1/34 HPs)
             Began as a Sludge Elf Assassin on Jan 21, 2019.
             Slain by a giant frog (4 damage)
             ... on Level 4 of the Dungeon.
             The game lasted 00:09:45 (1844 turns).

wew123314 the Sneak (Sludge Elf Assassin)           Turns: 1844, Time: 00:09:45

HP  -1/34        AC  4     Str 11      XL: 5   Next: 33%
MP   6/6         EV 14     Int 13      God:
Gold 142         SH  0     Dex 17      Spells:  0 memorised,  4 levels left

Res.Fire  : . . .   See Invis. : .   p - +2 dagger (drain)
Res.Cold  : . . .   Warding    : . . c - +0 elf robe
Life Prot.: . . .   Conserve   : .   (no shield)
Res.Acid. : . . .   Res.Corr.  : .   (no helmet)
Res.Poison: .       Clarity    : .   d - +0 elf cloak
Res.Elec. : .       Spirit.Shd : .   h - +0 pair of gloves
Sust.Abil.: . .     Stasis     : .   (no boots)
Res.Mut.  : .       Ctrl.Telep.: .   (no amulet)
Res.Rott. : .       Levitation : .   (no ring)
Saprovore : . . .   Ctrl.Flight: .   (no ring)

@: slightly resistant to hostile enchantments, quite stealthy
A: Int +1
a: no special abilities


You were on level 4 of the Dungeon.
You were not hungry.

You visited 1 branch of the dungeon, and saw 4 of its levels.

You collected 92 gold pieces.

Inventory:

Hand weapons
 a - a +2,+2 elven dagger {=f}
 b - a +0 elven blowgun
 p - a +2,+2 dagger of draining (weapon)
Missiles
 e - 8 poisoned +0 needles
 f - 3 curare-tipped +0 needles
 n - 12 +0 arrows of flame
Armour
 c - a +0 elven robe (worn)
 d - a +0 elven cloak (worn)
 h - a +0 pair of gloves (worn)
Comestibles
 g - 2 bread rations
Scrolls
 j - a scroll of teleportation


   Skills:
 + Level 2.9 Fighting
 + Level 2.8 Short Blades
 + Level 3.9 Throwing
 + Level 3.2 Dodging
 + Level 4.2 Stealth
 + Level 3.0 Stabbing
 + Level 0.3 Traps & Doors


You had 4 spell levels left.
You didn't know any spells.

Dungeon Overview and Level Annotations

Branches:
Dungeon (4/27)
 Temple: D:4-7

Altars:
Sif Muna
Vehumet

Annotations
D:4 Menkaure


Innate Abilities, Weirdness & Mutations

Your mind is acute (Int +1).


Message History

Menkaure murmurs a few words.
You feel lassitude.
Menkaure calls on the powers of darkness!
Your body is wracked with pain!
* * * LOW HITPOINT WARNING * * *
The orc convulses!
The scorpion convulses!
The orc convulses!
The rat bites you but does no damage.
Menkaure is no longer moving quickly.
Found an apple.
Menkaure giggles, "These cerements are ticklish..."
Menkaure calls on the powers of darkness!
The scorpion convulses!
The orc convulses!
Your body is wracked with pain!
* * * LOW HITPOINT WARNING * * *
The orc jeers loudly.
The giant frog gives a loud, deep croak!
The giant frog hits you.
* * * LOW HITPOINT WARNING * * *
The giant frog barely misses you. The giant frog hits you.
You die...

###########################
....<<<...................##
.M.........................##
.............oro@...........##
...............F........f....##
..........................^...#
.............................b.#
................................#
.................................
.................................
.................................
................................


You could see a giant frog, 2 orcs and a rat.

Vanquished Creatures
  An ogre (D:2)
  2 adders
  3 giant geckos
  3 orcs (D:3)
  2 ball pythons
  5 bats
  5 hobgoblins
  4 jackals (D:2)
  7 kobolds
  A quokka (D:2)
  3 giant cockroaches
  2 giant newts
  5 goblins
  5 rats
48 creatures vanquished.

Notes
Turn   | Place    | Note
--------------------------------------------------------------
     0 | D:1      | wew123314, the Sludge Elf Assassin, began the quest for the Orb.
     0 | D:1      | Reached XP level 1. HP: 13/13 MP: 0/0
   417 | D:1      | Reached XP level 2. HP: 18/18 MP: 2/2
   716 | D:2      | Reached skill level 4 in Stealth
   716 | D:2      | Reached XP level 3. HP: 24/24 MP: 3/3
   716 | D:2      | Reached XP level 4. HP: 29/29 MP: 4/4
   952 | D:2      | Reached XP level 5. HP: 26/34 MP: 6/6
  1372 | D:3      | Found a deep blue altar of Sif Muna.
  1493 | D:3      | Paralysed by a potion of paralysis for 2 turns
  1495 | D:3      | Gained mutation: Your mind is acute (Int +1).
  1597 | D:4      | Found a radiant altar of Vehumet.
  1778 | D:4      | Noticed Menkaure
  1844 | D:4      | Slain by a giant frog
